Map: Éphémèrion EC

Players

defer

  • Race: Protoss Protoss
  • League: Silver
  • Spawn Location: 5:00

IA (très facile) - Winner!

  • Race: Protoss Protoss
  • Spawn Location: 11:00

VOD

Have the link to the VOD?

Description

Time

  • Played on: Jan. 18, 2020, 7:31 a.m.
  • Length: 4:21
Show
View Real Time Build Order
Export as new Build Order

defer Protoss 

Build Orders: Nexus First 

Get SALT Encoding   

  12  0:00  Probe  
  13  0:12  Probe  
  14  0:17  Pylon  
  14  0:25  Probe  
  15  0:37  Probe  
  16  0:49  Probe  
  17  0:59  Nexus  
  17  1:02  Probe  
  18  1:14  Probe  
  18  1:15  Gateway  
  19  1:26  Probe  
  20  1:37  Assimilator  
  20  1:38  Probe  
  21  1:41  Assimilator  
  21  1:50  Probe  
  22  2:03  Probe (Chrono Boost), Cybernetics Core  
  23  2:11  Probe (Chrono Boost)  
  23  2:15  Probe (Chrono Boost)  
  25  2:20  Probe (Chrono Boost)  
  25  2:22  Probe (Chrono Boost), Gateway  
  27  2:26  Probe (Chrono Boost)  
  27  2:29  Probe (Chrono Boost)  
  30  2:38  Probe (Chrono Boost)  
  30  2:40  Probe (Chrono Boost)  
  30  2:42  Pylon  
  31  2:45  Probe x2 (Chrono Boost)  
  33  2:55  Probe x2  
  35  3:05  Pylon  
  35  3:07  Probe x2  
  37  3:19  Probe x2  
  39  3:31  Probe  
  39  3:32  Probe, Pylon  
  41  3:44  Probe x2  
  43  3:56  Probe x2  
  45  4:08  Probe (Chrono Boost)  
  47  4:10  Probe (Chrono Boost)  
Show
View Real Time Build Order
Export as new Build Order

IA (très facile) Protoss - Winner!

Build Orders: 1 Gate Expand, Nexus First 

Get SALT Encoding   

  12  0:00  Probe  
  13  0:13  Probe  
  14  0:20  Pylon  
  14  0:42  Gateway  
  14  1:01  Nexus  
  14  1:20  Pylon, Zealot  
  14  1:23  Assimilator  
  16  1:38  Probe, Cybernetics Core  
  17  1:51  Probe  
  18  2:01  Probe  
  18  2:02  Assimilator  
  18  2:08  Stalker  
  19  2:09  Probe  
  22  2:19  Probe  
  23  2:25  Probe  
  23  2:26  Warp Gate  
  24  2:33  Probe  
  25  2:41  Probe  
  26  2:48  Probe  
  26  2:50  Assimilator  
  27  2:53  Pylon  
  27  2:55  Probe  
  28  3:02  Probe  
  29  3:05  Probe  
  30  3:15  Probe, Robotics Facility  
  31  3:22  Probe  
  32  3:28  Probe  
  32  3:29  Zealot  
  35  3:39  Probe  
  36  3:46  Probe  
  37  3:53  Probe  
  38  4:00  Probe, Observer  
  39  4:07  Probe  
  42  4:19  Assimilator  
Tags
 
Add a new tag
Caveats
  • Supply blocks, unpowered buildings, or Contaminate may cause inaccurate times.
  • Supply counts are checked every 10 seconds.